 Dungeon Crawl Stone Soup version 0.30-a0-7-g94fe547ab8 (webtiles) character file.

Game seed: 17957059756910957417

34 Plasmagod the Shooter (level 3, -3/20 HPs)
             Began as a Kobold Arcane Marksman on Aug 23, 2022.
             Slain by an adder (4 damage)
             ... on level 2 of the Dungeon.
             The game lasted 00:03:35 (1658 turns).

Plasmagod the Shooter (Kobold Arcane Marksman)      Turns: 1658, Time: 00:03:36

Health: -3/20      AC:  2    Str:  7    XL:     3   Next: 50%
Magic:  4/4        EV: 15    Int: 14    God:
Gold:   57         SH:  5    Dex: 17    Spells: 3/4 levels left

rFire   . . .      SeeInvis +    e - +0 short sword (vamp)
rCold   . . .      Faith    .    (no shield)
rNeg    . . .      Spirit   .    c - +0 robe
rPois   .          Reflect  +    (no helmet)
rElec   .          Harm     .    (no cloak)
rCorr   .          Rampage  .    (no gloves)
Will    .....                    (no boots)
Stlth   +++.......               n - amulet of reflection
HPRegen 0.06/turn                j - ring of see invisible
MPRegen 0.09/turn                (no ring)

@: lethally poisoned (-3 -> -9)
A: small, no large weapons, nightstalker 3
a: no special abilities


You were on level 2 of the Dungeon.
You visited 1 branch of the dungeon, and saw 2 of its levels.

You collected 57 gold pieces.

Inventory:

Hand Weapons
 a - a +1 sling
 e - a +0 vampiric short sword (weapon)
Armour
 c - a +0 robe (worn)
Jewellery
 i - an amulet of the acrobat
 j - a ring of see invisible (left hand)
 n - an amulet of reflection (around neck)
Scrolls
 b - 2 scrolls of poison
 f - 3 scrolls of identify {unknown}
 h - 2 scrolls of amnesia {unknown}
 m - a scroll of vulnerability {unknown}
Potions
 d - a potion of degeneration {unknown}
 g - 2 potions of flight {unknown}
 k - 2 potions of might {unknown}
 l - 3 potions of curing {unknown}


   Skills:
 - Level 1.1 Fighting
 + Level 4.9 Ranged Weapons
 - Level 2.4 Dodging
 - Level 1.1 Spellcasting
 - Level 3.0 Hexes


You had 3 spell levels left.
You knew the following spells:

 Your Spells              Type           Power      Damage    Failure   Level
a - Slow                  Hex            36%        N/A       8%          1

Your spell library contained the following spells:

 Spells                   Type           Power      Damage    Failure   Level
 Ensorcelled Hibernation  Hex/Ice        8%         N/A       22%         2
 Beastly Appendage        Tmut           0%         N/A       26%         1
 Passwall                 Tmut/Erth      0%         N/A       36%         2
 Wereblood                Tmut           0%         N/A       36%         2
 Inner Flame              Hex/Fire       4%         N/A       38%         3
 Portal Projectile        Hex/Tloc       8%         N/A       38%         3
 Spider Form              Tmut/Pois      0%         N/A       61%         3
 Swiftness                Air            0%         N/A       61%         3
 Cause Fear               Hex            4%         N/A       58%         4


Dungeon Overview and Level Annotations

Branches:
Dungeon (2/15)

Altars:
Qazlal


Innate Abilities, Weirdness & Mutations

You are small and have problems with some larger weapons.
You are completely attuned to the shadows.


Message History

You block the adder's attack. The adder bites you.
You shoot a sling bullet.
The sling bullet closely misses the adder.
The adder completely misses you. The adder bites you but does no damage.
The adder bites you.
You shoot a sling bullet.
The sling bullet closely misses the adder.
The sling bullet hits the goblin.
The goblin is moderately wounded.
The adder is no longer moving slowly.
The adder bites you. The adder barely misses you.
You shoot a sling bullet. The sling bullet misses the adder.
The adder bites you. The adder closely misses you. The adder barely misses you.
The adder closely misses you.
You shoot a sling bullet. The sling bullet misses the adder.
The adder bites you.
You are too injured to fight recklessly!
You are too injured to fight recklessly!
You feel a sense of dread.
e - a +0 vampiric short sword (weapon)
The adder bites you.
You miss the adder.
The adder is severely wounded.
The adder misses you. x2; You block the adder's attack.
You hit the adder but do no damage.
The adder is severely wounded.
The adder bites you.
You are poisoned.
The adder poisons you! The adder bites you.
* * * LOW HITPOINT WARNING * * *
You are more poisoned.
The adder poisons you!
You hit the adder.
You kill the adder!
* * * LOW HITPOINT WARNING * * *
You feel very sick. The adder bites you.
* * * LOW HITPOINT WARNING * * *
The adder bites you.
You die...

.>...# ...#.## ##...)
....†### ## ......g##...
###.##..#).# #.###S...#
###.#.@†....
####.........##.##### ##
.......#.._..#
.....#..###
#...<............#<##....
#.....[.....## #...†.<...
#.......#### #####.....
.........# ##....
##...|...# ######.....
#.......#######..........


You could see an adder.

Vanquished Creatures
  An adder (D:2)
  A worm (D:2)
  4 ball pythons
  3 endoplasms (D:1)
  A giant cockroach (D:1)
  4 goblins
  2 hobgoblins (D:1)
  2 kobolds (D:1)
  4 quokkas
  2 bats (D:1)
  2 frilled lizards (D:1)
  2 rats
28 creatures vanquished.

Notes
Turn   | Place    | Note
-------+----------+-------------------------------------------
     0 | D:1      | Plasmagod the Kobold Arcane Marksman began the quest for
                  | the Orb.
     0 | D:1      | Reached XP level 1. HP: 12/12 MP: 2/2
    22 | D:1      | Reached skill level 3 in Ranged Weapons
    35 | D:1      | Reached XP level 2. HP: 12/16 MP: 1/3
   320 | D:1      | Reached skill level 4 in Ranged Weapons
   536 | D:1      | Found a faded altar of an unknown god.
   788 | D:1      | Reached XP level 3. HP: 20/20 MP: 4/4
  1621 | D:2      | Found a stormy altar of Qazlal.
  1658 | D:2      | HP: 1/20 [adder (1)]
  1658 | D:2      | Slain by an adder

Illustrated notes

Levels and vault maps discovered:
D:1:      lightli_arrival_noodles, layout_loops_cross, serial_forest,
          infiniplex_forest_clump_long, infiniplex_forest_straight_3,
          infiniplex_forest_lined_3, infiniplex_forest_clump_double,
          infiniplex_forest_clump_curved,
          shapermc_ecumenical_altar_mp_ritualfount
D:2:      layout_rooms, basic_altar, kennysheep_generic_room_11

Skill      XL: |  1  2 |
---------------+-------+-----
Ranged Weapons | 3 4 |  4.9
Fighting       | |  1.1
Dodging        | |  2.4
Spellcasting   | |  1.1
Hexes          | |  3.0

Action                   || total
-------------------------++-------
Melee: Short sword       ||   248
       Punch             ||     4
 Fire: Sling             ||    88
 Cast: Slow              ||     3
Armor: Robe              ||     5
Dodge: Dodged            ||    45
Block: Other             ||     3

Table legend: (Time is in decaauts)
 A = Elapsed time spent in this place.
 B = Non-inter-level travel time spent in this place.
 C = Inter-level travel time spent in this place.
 D = Time resting spent in this place.
 E = Time spent auto-exploring this place.
 F = Levels seen in this place.
 G = Mean time per level.
                   A        B        C        D        E       F      G
               +--------+--------+--------+--------+--------+-----+--------+
         Total |   1696 |   1663 |     33 |      0 |   1200 |   2 |  848.0 |
       Dungeon |   1696 |   1663 |     33 |      0 |   1200 |   2 |  848.0 |
               +--------+--------+--------+--------+--------+-----+--------+

Top non-repeatable levels by time:
     D:1: 1314 daAuts
     D:2: 381 daAuts
